 Dungeon Crawl Stone Soup version 0.28.0-49-g6dfe1f597d (webtiles) character file.

Game seed: 8791365321963482320

8285 Cykl0x the Geomancer (level 11, -4/96 HPs)
             Began as a Gargoyle Earth Elementalist on May 11, 2022.
             Was an Elder of Vehumet.
             Slain by a death knight
             ... wielding a +0 broad axe
              (6 damage)
             ... on level 9 of the Dungeon.
             The game lasted 00:22:19 (12447 turns).

Cykl0x the Geomancer (Gargoyle Earth Elementalist) Turns: 12447, Time: 00:22:19

Health: -4/96      AC: 25    Str: 16    XL:     11   Next: 28%
Magic:  12/23      EV:  2    Int: 16    God:    Vehumet [****..]
Gold:   616        SH:  0    Dex: 10    Spells: 10/27 levels left

rFire   . . .      SeeInvis +   D - staff of earth
rCold   . . .      Faith    .   (no shield)
rNeg    + . .      Spirit   .   (armour currently unavailable)
rPois   ∞          Reflect  .   (helmet currently unavailable)
rElec   .          Harm     .   (cloak currently unavailable)
rCorr   .          Rampage  .   (gloves currently unavailable)
Will    .....      NoTele   +   (boots currently unavailable)
Stlth   ++........              (no amulet)
HPRegen 0.26/turn               j - ring of see invisible
MPRegen 0.18/turn               (no ring)

@: brilliant, tree-form
A: stationary, stasis, torment immunity, boosted hp, sickness immunity, AC +8,
negative energy resistance 1, (electricity resistance), torment resistance 1,
petrification resistance, (iridescent scales 1), dopey 1, strong 1
a: Renounce Religion


You were on level 9 of the Dungeon.
You worshipped Vehumet.
Vehumet was greatly pleased with you.
You were a tree.
You visited 2 branches of the dungeon, and saw 10 of its levels.
You also visited: Ossuary.

You collected 616 gold pieces.

Inventory:

Hand Weapons
 a - a +0 whip
 i - a +1 flail of protection
Missiles
 c - 195 stones
 s - 2 throwing nets
Armour
 b - a +0 robe
 f - the +1 leather armour of Damp Fun (melded) {Harm rN+ Str+3 Int+4}
   (You found it on level 2 of the Dungeon)

   Str:       It affects your strength (+3).
   Int:       It affects your intelligence (+4).
   rN:        It protects you from negative energy.
   Harm:      It increases damage dealt and taken.
 m - a +1 helmet (melded)
 o - the +1 Delatra's gloves (melded) {ID++}
   (You found it on level 3 of the Dungeon)

   It heals its wearer when they drink unknown potions.
   It restores its wearer's MP when they read unknown scrolls.
 I - +0 acid dragon scales
Magical Staves
 D - a staff of earth (weapon)
Jewellery
 j - a ring of see invisible (left branch)
 v - a +4 ring of evasion
 x - a ring of wizardry
Wands
 k - a wand of acid (8)
 l - a wand of charming (8)
 p - a wand of flame (35)
 y - a wand of iceblast (5)
 H - a wand of mindburst (13)
 K - a wand of paralysis (7)
Scrolls
 g - 2 scrolls of fear
 r - a scroll of teleportation
 u - a scroll of immolation
 w - a scroll of enchant armour
 B - 2 scrolls of noise {unknown}
 C - 3 scrolls of blinking
 E - 3 scrolls of identify
 J - 2 scrolls of magic mapping
Potions
 d - 2 potions of degeneration
 e - 3 potions of resistance
 h - 2 potions of haste
 n - 2 potions of lignification
 q - 2 potions of brilliance
 t - a potion of heal wounds {unknown}
 z - 2 potions of curing
 A - 5 potions of flight
 F - a potion of attraction {unknown}
 G - 2 potions of ambrosia {unknown}


   Skills:
 * Level 6.2 Fighting
 + Level 1.4 Maces & Flails
 + Level 3.1 Armour
 + Level 2.7 Dodging
 + Level 2.6 Stealth
 + Level 8.5 Spellcasting
 * Level 7.9 Conjurations
 - Level 0.7 Transmutations
 + Level 0.2 Air Magic
 + Level 10.9 Earth Magic
 + Level 2.0 Poison Magic
 + Level 4.5 Evocations


You had 10 spell levels left.
You knew the following spells:

 Your Spells              Type           Power      Damage    Failure   Level
a - Sandblast             Erth           100%       2d20      1%          1
b - Stone Arrow           Conj/Erth      100%       3d13      1%          3
c - Mephitic Cloud        Conj/Pois/Air  26%        N/A       2%          3
d - Magic Dart            Conj           100%       1d8       1%          1
e - Lee's Rapid Deconstr  Erth           38%        3d20*     1%          5
f - Olgreb's Toxic Radia  Pois           19%        N/A       13%         4

Your spell library contained the following spells:

 Spells                   Type           Power      Damage    Failure   Level
 Passwall                 Tmut/Erth      45%        N/A       1%          2
 Fulminant Prism          Conj/Hex       14%        3d9       5%          4
 Iskenderun's Mystic Bla  Conj/Tloc      29%        2d7       5%          4
 Ignite Poison            Fire/Tmut/Pois 14%        N/A       6%          3
 Petrify                  Tmut/Erth      55%        N/A       10%         4
 Blink                    Tloc           20%        N/A       16%         2
 Ensorcelled Hibernation  Hex/Ice        20%        N/A       16%         2
 Freezing Cloud           Conj/Ice/Air   11%        6-21      24%         5
 Swiftness                Air            11%        N/A       28%         3
 Tukima's Dance           Hex            10%        N/A       32%         3
 Yara's Violent Unravell  Hex/Tmut       5%         3d4       52%         5
 Passage of Golubria      Tloc           10%        N/A       71%         4
 Manifold Assault         Tloc           10%        N/A       96%         5
 Storm Form               Tmut/Air       6%         N/A       100%        7


Dungeon Overview and Level Annotations

Branches:
Dungeon (9/15)             Temple (1/1) D:5            Lair (0/6) D:9
    Orc (0/2) D:9         Ossuary (visited)

Altars:
Ashenzari
Cheibriados
Dithmenos
Elyvilon
Fedhas
Gozag
Hepliaklqana
Kikubaaqudgha
Makhleb
Nemelex Xobeh
Okawaru
Qazlal
Ru
Sif Muna
Trog
Uskayaw
Vehumet
Wu Jian
Xom
Yredelemnul
Zin
The Shining One

Shops:
D:7 *(

Annotations:
D:9 1 runed translucent door


Innate Abilities, Weirdness & Mutations

You are a tree.
Your roots penetrate the ground, keeping you stationary.
You cannot be teleported.
You are immune to unholy pain and torment.
Your maximum health is greatly increased.
Your equipment is partially melded.
You are immune to sickness and miasma.
((Your stone body is resilient. (AC +8)))
You are immune to poison.
You resist negative energy. (rN+)
((You are resistant to electric shocks. (rElec)))
You are resistant to unholy torment.
You are immune to petrification.
((You are partially covered in iridescent scales. (AC +2)))
You are dopey. (Int -2)
Your muscles are strong. (Str +2)


Message History

Confirm with . or Enter, or press ? or * to list all spells.
Aiming: Stone Arrow (safe; 1% risk of failure)
Press: ? - help, Shift-Dir - straight line, f - death knight
Aim: a death knight, wielding a +0 broad axe and wearing a +0 chain mail (wandering, hasn't noticed you, 78% to hit)
You feel a surge of power!
The stone arrow hits the death knight.
The death knight is lightly wounded.
The death knight shouts!
The death knight offers itself to Yredelemnul, and fills with unholy energy.
Casting: Stone Arrow (safe; 1% risk of failure)
Confirm with . or Enter, or press ? or * to list all spells.
Aiming: Stone Arrow (safe; 1% risk of failure)
Press: ? - help, Shift-Dir - straight line, f/p - death knight
Aim: a death knight, wielding a +0 broad axe and wearing a +0 chain mail (lightly wounded, reflecting injuries, 78% to hit)
You feel a surge of power!
The stone arrow hits the death knight!
The death knight is moderately wounded.
The death knight reflects your damage back at you!
The death knight hits you with a +0 broad axe!
It was a potion of lignification.
You turn into a tree.
Your +1 helmet melds into your body.
The +1 Delatra's gloves {ID++} melds into your body.
The +1 leather armour of Damp Fun {Harm rN+ Str+3 Int+4} melds into your body.
Your roots penetrate the ground.
The death knight hits you with a +0 broad axe.
Casting: Stone Arrow (safe; 1% risk of failure)
Confirm with . or Enter, or press ? or * to list all spells.
Aiming: Stone Arrow (safe; 1% risk of failure)
Press: ? - help, Shift-Dir - straight line, f/p - death knight
Aim: a death knight, wielding a +0 broad axe and wearing a +0 chain mail (moderately wounded, reflecting injuries, 78% to hit)
You feel a surge of power!
The stone arrow hits the death knight!
The death knight is heavily wounded.
The death knight reflects your damage back at you!
* * * LOW HITPOINT WARNING * * *
The death knight hits you but does no damage.
It was a potion of brilliance.
You feel clever all of a sudden.
The death knight hits you with a +0 broad axe!!
* * * LOW HITPOINT WARNING * * *
It was a potion of flight.
Your roots keep you in place.
The death knight hits you with a +0 broad axe.
You die...

....#..........# ...
....#..........# ....
....############ #...H ....#
#.... .#.## #...# .#.# #####
...# .#.# #...##).#
.#.########...#p##
.#..............♣# .
.#.#######......## Dy
.##..........#..# ..
.##.######.#.#..# ..
.##.#......#.#..#
.##.#...........##
.##.######.#<....#
.##.............)########
........##......).......#####


You could see a death knight (reflects damage).

Vanquished Creatures
  A great orb of eyes (shapeshifter) (D:9)
  4 elephants (D:8)
  Maggie (D:7)
  A troll (D:8)
  2 hornets (D:9)
  A wraith (D:6)
  A wyvern (D:9)
  2 yaks
  A steam dragon (D:5)
  An acid dragon (D:9)
  2 sky beasts (D:8)
  A hornet zombie (D:7)
  2 orc warriors (D:9)
  2 black bears
  2 necrophages
  An ice beast (D:5)
  5 ogres
  3 centaurs
  2 kobold brigands
  3 bullfrogs
  Blork the orc (D:4)
  2 scorpions (D:6)
  5 water moccasin zombies
  4 killer bees (D:9)
  19 wights
  3 howler monkeys
  2 centaur zombies
  2 jellies
  4 hounds
  3 orc priests
  A centaur skeleton (D:5)
  4 iguanas
  9 orc wizards
  A killer bee zombie (D:7)
  2 mummies (Ossuary)
  Robin (D:4)
  2 howler monkey skeletons
  3 gnolls (D:3)
  9 adders
  2 shadow imps
  2 white imps
  An ufetubus (D:7)
  7 adder zombies (Ossuary)
  A worm (D:3)
  55 orcs
  9 ball pythons
  8 endoplasms
  A giant cockroach (D:1)
  15 goblins
  10 hobgoblins
  9 jackals
  8 kobolds
  4 quokkas
  4 frilled lizards
  7 gnoll zombies (Ossuary)
  5 hobgoblin zombies (Ossuary)
  3 kobold zombies (Ossuary)
  7 orc zombies (Ossuary)
  6 rats
279 creatures vanquished.

Vanquished Creatures (others)
  70 plants
70 creatures vanquished.

Grand Total: 349 creatures vanquished

Notes
Turn   | Place    | Note
-------+----------+-------------------------------------------
     0 | D:1      | Cykl0x the Gargoyle Earth Elementalist began the quest for
                  | the Orb.
     0 | D:1      | Reached XP level 1. HP: 10/10 MP: 3/3
   181 | D:1      | Reached XP level 2. HP: 15/15 MP: 0/5
   195 | D:1      | Reached skill level 4 in Earth Magic
   336 | D:1      | Found a faded altar of an unknown god.
   581 | D:1      | Reached XP level 3. HP: 19/19 MP: 0/6
   605 | D:1      | Learned a level 3 spell: Stone Arrow
  1288 | D:2      | Identified the +1 leather armour of Damp Fun {Harm rN+
                  | Str+3 Int+4}
  1805 | D:2      | Reached skill level 1 in Conjurations
  1985 | D:2      | Reached XP level 4. HP: 24/24 MP: 3/7
  3167 | D:3      | Reached XP level 5. HP: 20/28 MP: 2/9
  3891 | D:3      | Found the +1 Delatra's gloves {ID++}
  4174 | D:4      | Reached skill level 5 in Earth Magic
  4208 | D:4      | Reached skill level 1 in Armour
  4208 | D:4      | Reached XP level 6. HP: 32/32 MP: 8/11
  4375 | D:4      | Noticed Robin
  4388 | D:4      | Killed Robin
  4389 | D:4      | Reached skill level 1 in Maces & Flails
  5297 | D:4      | Noticed Blork the orc
  5305 | D:4      | Killed Blork the orc
  5435 | D:4      | Reached XP level 7. HP: 37/37 MP: 4/13
  5915 | D:5      | Entered Level 5 of the Dungeon
  6072 | D:5      | Reached skill level 6 in Earth Magic
  6408 | D:5      | Reached XP level 8. HP: 42/42 MP: 10/15
  6583 | D:5      | Reached skill level 1 in Fighting
  6583 | D:5      | Reached skill level 5 in Spellcasting
  6792 | D:5      | Found a staircase to the Ecumenical Temple.
  6803 | Temple   | Entered the Ecumenical Temple
  6980 | Temple   | Became a worshipper of Vehumet
  7361 | D:6      | Reached skill level 7 in Earth Magic
  7594 | D:6      | Noticed a wraith
  7599 | D:6      | Killed a wraith
  7754 | D:6      | Learned a level 3 spell: Mephitic Cloud
  7766 | D:6      | Reached skill level 5 in Conjurations
  7851 | D:6      | Reached XP level 9. HP: 42/49 MP: 10/17
  7960 | D:6      | Reached skill level 8 in Earth Magic
  8625 | D:7      | Found a sand-covered staircase.
  8629 | Ossuary  | Entered an ossuary
  8633 | Ossuary  | Reached * piety under Vehumet
  8633 | Ossuary  | Offered knowledge of Magic Dart by Vehumet.
  8636 | Ossuary  | Learned a level 1 spell: Magic Dart
  8743 | Ossuary  | Reached skill level 1 in Evocations
  8850 | Ossuary  | Offered knowledge of Scorch by Vehumet.
  8854 | Ossuary  | Reached ** piety under Vehumet
  8984 | D:7      | Found Nuive's CLEARANCE SALE!.
  9301 | D:7      | Reached skill level 1 in Poison Magic
  9358 | D:7      | Noticed Maggie
  9367 | D:7      | Reached skill level 9 in Earth Magic
  9369 | D:7      | Killed Maggie
  9914 | D:7      | Found Haokis's Weapon Emporium.
 10118 | D:8      | Reached XP level 10. HP: 56/56 MP: 11/20
 10232 | D:8      | Offered knowledge of Frozen Ramparts by Vehumet.
 10335 | D:8      | Noticed an elephant
 10345 | D:8      | Killed an elephant
 10407 | D:8      | Noticed an elephant
 10421 | D:8      | Killed an elephant
 10443 | D:8      | Noticed an elephant
 10446 | D:8      | Noticed an elephant
 10454 | D:8      | Killed an elephant
 10455 | D:8      | Reached skill level 10 in Earth Magic
 10456 | D:8      | Reached *** piety under Vehumet
 10464 | D:8      | Gained mutation: You are dopey. (Int -2) [potion of
                  | mutation]
 10464 | D:8      | Gained mutation: Your muscles are strong. (Str +2) [potion
                  | of mutation]
 10464 | D:8      | Gained mutation: You are partially covered in iridescent
                  | scales. (AC +2) [potion of mutation]
 10465 | D:8      | Killed an elephant
 10604 | D:8      | Found a glowing golden altar of the Shining One.
 10633 | D:8      | Reached skill level 5 in Fighting
 11233 | D:9      | Found a staircase to the Lair.
 11295 | D:9      | Found a staircase to the Orcish Mines.
 11371 | D:9      | Offered knowledge of Conjure Flame by Vehumet.
 11566 | D:9      | Reached XP level 11. HP: 41/64 MP: 18/23
 11690 | D:9      | Found a runed translucent door.
 11705 | D:9      | Learned a level 5 spell: Lee's Rapid Deconstruction
 11971 | D:9      | Found a runed translucent door.
 11991 | D:9      | Found a burning altar of Makhleb.
 11992 | D:9      | Noticed a balrug
 12020 | D:9      | Reached **** piety under Vehumet
 12020 | D:9      | Offered knowledge of Olgreb's Toxic Radiance by Vehumet.
 12032 | D:9      | Learned a level 4 spell: Olgreb's Toxic Radiance
 12304 | D:9      | Noticed a six-headed hydra
 12342 | D:9      | Noticed a great orb of eyes
 12351 | D:9      | Killed a great orb of eyes
 12379 | D:9      | Noticed a manticore
 12441 | D:9      | Noticed a death knight
 12446 | D:9      | HP: 2/96 [death knight/+0 broad axe (19)]
 12447 | D:9      | Slain by a death knight

Illustrated notes

Levels and vault maps discovered:
D:1:      kennysheep_arrival_forest, layout_rooms,
          hellmonk_ecumenical_altar_arch_garden, serial_corexii_hall,
          chequers_hall_statues_y, chequers_hall_statues_corner_a
D:2:      layout_basic
D:3:      layout_loops_ring, pf_guarded_unrand_delatra
D:4:      wad_lake_hut, layout_cave_pods, uniq_robin, uniq_blork_the_orc
D:5:      layout_layer_cave, minmay_temple_entry_nine_rooms
D:6:      layout_loops_ring, minmay_misc_feat_ornament
D:7:      layout_gridville, serial_shops, nicolae_shop_bloodbath_and_beyond,
          lightli_ossuary_entry_decrepit_ruins, minmay_misc_feat_pillars,
          grunt_ministairs_12, nicolae_shop_clearance, uniq_maggie
D:8:      wad_woods_stonehenge, layout_cave_pools
D:9:      cheibrodos_histonic, layout_basic, makhleb_altar_promises_db,
          dpeg_oklobed_lair, orc_0_dummy, special_room [special_room_orc]
Temple:   mainiacjoe_temple_starburst

Skill      XL: |  1  2  3  4  5  6  7  8  9 10 11 |
---------------+----------------------------------+-----
Earth Magic    | 4 5 6 7 9 10 | 10.9
Dodging        | 2 |  2.7
Conjurations   | 1 2 3 4 5 6 7 |  7.9
Spellcasting   | 3 4 5 6 8 |  8.5
Armour         | 1 2 3 |  3.1
Maces & Flails | 1 |  1.4
Fighting       | 2 3 5 6 |  6.2
Evocations     | 2 4 |  4.5
Poison Magic   | 1 2 |  2.0
Stealth        | |  2.6
Transmutations | |  0.7
Air Magic      | |  0.2

Action                   |  1- 3 |  4- 6 |  7- 9 | 10-12 || total
-------------------------+-------+-------+-------+-------++-------
Melee: Whip              |    27 |    13 |       |       ||    40
       Flail             |       |    39 |     1 |       ||    40
       Staff             |       |       |    16 |     4 ||    20
       Punch             |       |       |     1 |       ||     1
 Cast: Sandblast         |    27 |    70 |    94 |    72 ||   263
       Stone Arrow       |    11 |    27 |    48 |    39 ||   125
       Magic Dart        |       |       |    15 |    13 ||    28
       Mephitic Cloud    |       |       |     3 |     2 ||     5
       Lee's Rapid Decon |       |       |       |     5 ||     5
  Use: Scroll            |     2 |     6 |     2 |     2 ||    12
       Potion            |       |       |       |     5 ||     5
Armor: Robe              |    13 |       |       |       ||    13
       Leather armour    |       |    48 |    29 |    22 ||    99
       Skin              |       |       |       |     1 ||     1
Dodge: Dodged            |    22 |    50 |    20 |    18 ||   110
